 Dungeon Crawl Stone Soup version 0.27-a0-906-g0a00ce863d (webtiles) character file.

Game seed: 8853172652965765867

28 kae the Ruffian (level 3, 28/28 HPs)
             Began as a Demonspawn Gladiator on Apr 6, 2021.
             Quit the game on level 1 of the Dungeon.
             The game lasted 00:00:24 (771 turns).

kae the Ruffian (Demonspawn Gladiator)               Turns: 771, Time: 00:00:25

Health: 28/28      AC:  4    Str: 15    XL:     3   Next: 0%
Magic:  3/3        EV: 12    Int:  9    God:
Gold:   30         SH:  0    Dex: 14    Spells: 2/2 levels left

rFire    . . .     SeeInvis .     - Unarmed
rCold    . . .     Faith    .   (no shield)
rNeg     . . .     Spirit   .   a - +0 leather armour
rPois    .         Reflect  .   b - +0 helmet
rElec    .         Harm     .   (no cloak)
rCorr    .         Rampage  .   (no gloves)
Will     .....                  (no boots)
Stlth    +.........             (no amulet)
HPRegen  0.09/turn              (no ring)
MPRegen  0.08/turn              (no ring)

@: no status effects
A: talons 1, spiny 1
a: no special abilities


You were on level 1 of the Dungeon.
You visited 1 branch of the dungeon, and saw 1 of its levels.

You collected 30 gold pieces.

Inventory:

Missiles
 c - 3 throwing nets (quivered)
Armour
 a - a +0 leather armour (worn)
 b - a +0 helmet (worn)
Scrolls
 e - a scroll of enchant weapon {unknown}
 g - a scroll of noise {unknown}
Potions
 d - a potion of brilliance {unknown}
 f - a potion of curing {unknown}


   Skills:
 + Level 2.5 Fighting
 - Level 1.7 Throwing
 - Level 2.6 Dodging
 * Level 3.5 Unarmed Combat


You had 2 spell levels left.
You didn't know any spells.
Your spell library was empty.

Dungeon Overview and Level Annotations

Branches:
Dungeon (1/15)

Altars:


Innate Abilities, Weirdness & Mutations

You have sharp toenails.
You are partially covered in sharp spines.


Message History

The kobold barely misses you.
There are monsters nearby!
You hit the kobold.
You kill the kobold!
The hobgoblin misses you.
You barely miss the hobgoblin. The hobgoblin closely misses you.
A hobgoblin is nearby!
A hobgoblin is nearby!
You hit the hobgoblin.
You kill the hobgoblin!
No target in view!
You see here a +0 dagger.
You see here a hobgoblin corpse.
You see here a hobgoblin corpse.
A bat comes into view.
The bat hits you.
You hit the bat.
You kill the bat!
A bat comes into view.
You hit the bat.
You kill the bat!
No target in view!
You see here a bat corpse.
Found a stone staircase leading down.
No target in view!
No target in view!
An endoplasm comes into view.
There is a stone staircase leading down here.
An endoplasm is nearby!
The endoplasm quivers.
An endoplasm is nearby!
The endoplasm is struck by your spines. The endoplasm misses you.
You hit the endoplasm.
You kill the endoplasm!
You have reached level 3!
Your experience leads to an increase in your attributes!
Increase (S)trength, (I)ntelligence, or (D)exterity?
You feel stronger.
Your demonic ancestry asserts itself...
Your toenails lengthen and sharpen.
Are you sure you want to abandon this character and quit the game? (Confirm with "yes".)

###########.#######
#.........†.#
#.########### #.#
####### #>##
#.....# #..##
#.##... ##...##
###.#.#.# ##.....##
##....##.#
#...@...#
##....###.#
##.....##
#.........# ##...##
#.....###.# ##.##
#.#.##.##.# #.#
#.#.###.#.# #.#
#.#.# ##... #.#
#.#.#####.. #.#
####)#........ #.#
#....######.#.


There were no monsters in sight!

Vanquished Creatures
  A dart slug (D:1)
  A ball python (D:1)
  2 endoplasms (D:1)
  A giant cockroach (D:1)
  5 goblins (D:1)
  3 hobgoblins (D:1)
  2 jackals (D:1)
  A quokka (D:1)
  3 bats (D:1)
  2 kobolds (D:1)
  2 rats (D:1)
23 creatures vanquished.

Notes
Turn   | Place    | Note
-------+----------+-------------------------------------------
     0 | D:1      | kae the Demonspawn Gladiator began the quest for the Orb.
     0 | D:1      | Reached XP level 1. HP: 16/16 MP: 1/1
   119 | D:1      | Found a faded altar of an unknown god.
   161 | D:1      | Reached skill level 3 in Unarmed Combat
   435 | D:1      | Gained mutation: You are partially covered in sharp spines.
                  | [demonic ancestry]
   435 | D:1      | Reached XP level 2. HP: 21/22 MP: 2/2
   771 | D:1      | Gained mutation: You have sharp toenails. [demonic
                  | ancestry]
   771 | D:1      | Reached XP level 3. HP: 28/28 MP: 3/3
   771 | D:1      | Quit the game

Illustrated notes

Levels and vault maps discovered:
D:1:      minmay_arrival_plants_in_alcoves, layout_loops_ring,
          basic_ecumenical_altar

Skill      XL: |  1 |
---------------+----+-----
Unarmed Combat | 3 |  3.5
Fighting       | |  2.5
Throwing       | |  1.7
Dodging        | |  2.6

Action                   || total
-------------------------++-------
Melee: Unarmed           ||    53
 Stab: Sleeping          ||     2
Armor: Leather armour    ||    16
Dodge: Dodged            ||    32

Table legend: (Time is in decaauts)
 A = Elapsed time spent in this place.
 B = Non-inter-level travel time spent in this place.
 C = Inter-level travel time spent in this place.
 D = Time resting spent in this place.
 E = Time spent auto-exploring this place.
 F = Levels seen in this place.
 G = Mean time per level.
                   A        B        C        D        E       F      G
               +--------+--------+--------+--------+--------+-----+--------+
         Total |    767 |    767 |      0 |    159 |    491 |   1 |  767.0 |
       Dungeon |    767 |    767 |      0 |    159 |    491 |   1 |  767.0 |
               +--------+--------+--------+--------+--------+-----+--------+

Top non-repeatable levels by time:
     D:1: 767 daAuts
